[Event "Titled Tuesday Blitz April 4 Late 2023"]
[White "Grigoriants, Sergey"]
[Black "Aydincelebi, Kagan"]
[WhiteFideId "4130804"]
[BlackFideId "6361102"]
[WhiteElo "2502"]
[BlackElo "2180"]
[Result "1-0"]
[Round "10"]
[TimeControl "180+2"]
[Date "2023.04.04"]
[WhiteClock "0:00:04"]
[BlackClock "0:00:09"]

1. d4 Nf6 2. c4 e6 3. Nc3 c5 4. d5 exd5 5. cxd5 d6 6. e4 g6 7. h3 Bg7 8. Nf3 O-O 9. Bd3 Na6 10. O-O Nc7 11. Re1 Nd7 12. Bf4 Qe7 13. Qd2 Rb8 14. a4 a6 15. Rab1 b5 16. axb5 Nxb5 17. Nxb5 axb5 18. b4 c4 19. Bc2 Ne5 20. Nd4 Bd7 21. Bh6 Bxh6 22. Qxh6 Qf6 23. Qe3 g5 24. Ne2 Ra8 25. f4 gxf4 26. Nxf4 Ra2 27. Re2 Kh8 28. Rf1 Qg5 29. Bd1 Ra1 30. Ref2 Rg8 31. Qc3 Rb1 32. Bh5 Rb3 33. Qd4 Rg7 34. Ra1 h6 35. Bd1 Rg3 36. Kf1 Kh7 37. Raa2 Nd3 38. Nh5 Nxf2 39. Qxf2 Rd3 40. Nf6+ Kg6 41. Bh5+ Qxh5 42. Nxh5 Kxh5 43. Rd2 Rdg3 44. Qf4 R7g6 45. Rf2 c3 46. e5 dxe5 47. Qxe5+ R6g5 48. Qf6 c2 49. Rxc2 Bf5 50. Rf2 Bg6 51. Kg1 Rxh3 52. Qxg5+ Kxg5 53. gxh3 Bf5 54. d6 Be6 55. Rxf7 Bxh3 56. d7 1-0


[Site "https://www.chess.com"]

[Event "Titled Tuesday Blitz April 4 Late 2023"]
[White "Bilych, Olexiy"]
[Black "Kamsky, Gata"]
[WhiteFideId "14156504"]
[BlackFideId "2000024"]
[WhiteElo "2320"]
[BlackElo "2660"]
[Result "1-0"]
[Round "10"]
[TimeControl "180+2"]
[Date "2023.04.04"]
[WhiteClock "0:00:21"]
[BlackClock "0:00:04"]

1. d4 Nf6 2. c4 g6 3. Nc3 Bg7 4. e4 d6 5. Nge2 c6 6. Ng3 a6 7. a4 a5 8. Be2 e5 9. d5 Na6 10. Be3 h5 11. O-O Ng4 12. Bxg4 hxg4 13. Re1 c5 14. Qd2 Nc7 15. Bg5 f6 16. Be3 f5 17. Bg5 Bf6 18. Bxf6 Qxf6 19. exf5 gxf5 20. Qd3 Bd7 21. f3 gxf3 22. Qxf3 O-O-O 23. Rf1 Qh4 24. Nxf5 Qxh2+ 25. Kf2 Rdf8 26. Ne4 Ne8 27. Neg3 Bxf5 28. Nxf5 Rhg8 29. Ke3 Nf6 30. Ne7+ Kc7 31. Nxg8 Rxg8 32. Qxf6 Qxg2 33. Qe7+ Kb6 34. Qxd6+ Ka7 35. Qxc5+ Kb8 36. Rf8+ Rxf8 37. Qxf8+ Ka7 38. Qf2 Qg4 39. Kd3+ 1-0


[Site "https://www.chess.com"]

[Event "Titled Tuesday Blitz April 4 Late 2023"]
[White "Bolourchifard, Farzad"]
[Black "Vakhlamov, Igor L."]
[WhiteFideId "12510084"]
[BlackFideId "24126748"]
[WhiteElo "2317"]
[BlackElo "2400"]
[Result "1/2-1/2"]
[Round "10"]
[TimeControl "180+2"]
[Date "2023.04.04"]
[WhiteClock "0:00:06"]
[BlackClock "0:00:06"]

1. e4 c5 2. Nc3 e6 3. Nge2 Nc6 4. g3 d5 5. exd5 exd5 6. Bg2 Nf6 7. O-O d4 8. Ne4 Nxe4 9. Bxe4 Bd6 10. d3 Bg4 11. Bg2 O-O 12. h3 Bd7 13. Bf4 Qc7 14. Qd2 Rfe8 15. Rae1 h6 16. Bxd6 Qxd6 17. g4 Rad8 18. Ng3 b6 19. Re4 Rxe4 20. Nxe4 Qc7 21. f4 Re8 22. f5 f6 23. h4 Ne5 24. Qf4 Bc6 25. g5 hxg5 26. hxg5 fxg5 27. Nxg5 Bxg2 28. Kxg2 Qc6+ 29. Ne4 c4 30. f6 gxf6 31. Qxf6 cxd3 32. Qxc6 Nxc6 33. Nf6+ Kf7 34. Nxe8+ Kxe8 35. cxd3 Nb4 36. Kf3 Nxd3 37. b3 Nb4 38. a3 Nc2 39. a4 d3 40. Ke4 Nb4 41. Kd4 Kd7 42. Rf7+ Kc6 43. Rf6+ Kc7 44. Kc4 a5 45. Rh6 Kb7 46. Kb5 Kc7 47. Kc4 Kb7 48. Rh4 Kc6 49. Kc3 Kc5 50. Rc4+ Kd5 51. Rxb4 axb4+ 52. Kxd3 Kc5 53. Ke4 b5 54. a5 Kc6 55. Kd4 Kd6 56. Ke4 Kc6 57. Ke5 Kb7 58. Kd5 Ka6 59. Kc6 Kxa5 60. Kc5 Ka6 61. Kc6 Ka5 62. Kc7 Ka6 63. Kd6 Ka5 64. Kd5 Ka6 65. Kc5 Ka5 66. Kc6 Ka6 67. Kc7 Ka5 68. Kb7 1/2-1/2


[Site "https://www.chess.com"]

[Event "Titled Tuesday Blitz April 4 Late 2023"]
[White "Ezat, Mohamed"]
[Black "Yeletsky, Ivan"]
[WhiteFideId "10600906"]
[BlackFideId "24180327"]
[WhiteElo "2386"]
[BlackElo "2422"]
[Result "0-1"]
[Round "10"]
[TimeControl "180+2"]
[Date "2023.04.04"]
[WhiteClock "0:00:07"]
[BlackClock "0:00:26"]

1. d4 e6 2. c4 b6 3. e4 Bb4+ 4. Bd2 Bxd2+ 5. Qxd2 d5 6. Nc3 Ne7 7. Nf3 O-O 8. Bd3 dxc4 9. Bxc4 Bb7 10. O-O Nd7 11. Rfe1 Nf6 12. Rad1 a6 13. a3 c5 14. d5 b5 15. Ba2 exd5 16. exd5 c4 17. d6 Ng6 18. Ne5 Re8 19. f4 Qb6+ 20. Qd4 Qxd4+ 21. Rxd4 Nd7 22. Bb1 Ngxe5 23. fxe5 Rxe5 24. Rxe5 Nxe5 25. Be4 Bxe4 26. Nxe4 Nd7 27. a4 f6 28. Nc3 Rb8 29. axb5 axb5 30. Nd5 Kf7 31. Re4 Ne5 32. Re1 Ke6 33. Rd1 b4 34. Nc7+ Kd7 35. Na6 Rb5 36. Kf2 Nd3+ 37. Ke3 Nxb2 38. Ra1 Kxd6 39. Kd4 Rd5+ 40. Ke4 Nd3 0-1


[Site "https://www.chess.com"]

[Event "Titled Tuesday Blitz April 4 Late 2023"]
[White "Timmermans, Mark"]
[Black "Jaracz, Pawel"]
[WhiteFideId "1026399"]
[BlackFideId "1102222"]
[WhiteElo "2460"]
[BlackElo "2438"]
[Result "1/2-1/2"]
[Round "10"]
[TimeControl "180+2"]
[Date "2023.04.04"]
[WhiteClock "0:00:41"]
[BlackClock "0:00:12"]

1. e4 e5 2. Nf3 Nc6 3. d4 exd4 4. Bc4 Bc5 5. O-O d6 6. c3 dxc3 7. Nxc3 Bg4 8. Qb3 Bxf3 9. Bxf7+ Kf8 10. Bxg8 Rxg8 11. gxf3 Nd4 12. Qd1 Qf6 13. f4 Re8 14. Kh1 Ne6 15. Nd5 Qh4 16. Qf3 c6 17. Ne3 Nd4 18. Qg3 Qxg3 19. hxg3 Rxe4 20. Rb1 b5 21. b4 Bb6 22. Bb2 Nf3 23. Rfd1 d5 24. Kg2 Nd4 25. Rbc1 g5 26. fxg5 Rxg5 27. Bxd4 Bxd4 28. Rxc6 Bxe3 29. fxe3 Rxe3 30. Rc8+ Kg7 31. Rc7+ Kf6 32. Rxa7 Rgxg3+ 33. Kh2 Rh3+ 34. Kg2 Reg3+ 35. Kf2 Rf3+ 36. Kg2 Ke5 37. Rd7 Rhg3+ 38. Kh2 Rh3+ 39. Kg2 Rfg3+ 40. Kf2 Rd3 41. Rxd3 Rxd3 42. Rxh7 Rd2+ 43. Ke3 Rxa2 44. Rh5+ Kd6 45. Rh6+ Ke5 46. Rh5+ Kd6 47. Rh6+ Ke5 48. Rh5+ 1/2-1/2


[Site "https://www.chess.com"]

[Event "Titled Tuesday Blitz April 4 Late 2023"]
[White "Maksimovic, Bojan"]
[Black "Annaberdiyev, Meylis"]
[WhiteFideId "14408120"]
[BlackFideId "14000563"]
[WhiteElo "2468"]
[BlackElo "2416"]
[Result "1-0"]
[Round "10"]
[TimeControl "180+2"]
[Date "2023.04.04"]
[WhiteClock "0:01:49"]
[BlackClock "0:01:09"]

1. Nf3 Nf6 2. g3 g6 3. Bg2 Bg7 4. O-O O-O 5. d3 c5 6. Nbd2 d6 7. Re1 Nc6 8. c3 Rb8 9. a3 b5 10. e4 Bg4 11. h3 Bxf3 12. Nxf3 Nd7 13. Be3 a5 14. d4 b4 15. e5 bxc3 16. bxc3 cxd4 17. cxd4 dxe5 18. d5 e4 19. dxc6 exf3 20. Rc1 Ne5 21. c7 Qxd1 22. Rexd1 Rbc8 23. Bf1 Ra8 24. Ba6 1-0


[Site "https://www.chess.com"]

[Event "Titled Tuesday Blitz April 4 Late 2023"]
[White "Papp, Levente"]
[Black "Castellanos Rodriguez, Renier"]
[WhiteFideId "751243"]
[BlackFideId "3404650"]
[WhiteElo "2380"]
[BlackElo "2597"]
[Result "0-1"]
[Round "10"]
[TimeControl "180+2"]
[Date "2023.04.04"]
[WhiteClock "0:00:02"]
[BlackClock "0:00:45"]

1. b3 c5 2. Bb2 b6 3. Nf3 Bb7 4. g3 Nf6 5. Bg2 e6 6. c4 Be7 7. O-O d6 8. Re1 Nbd7 9. Nc3 O-O 10. e4 a6 11. d3 Rb8 12. a4 Ba8 13. Qc2 Ng4 14. Rad1 Qc7 15. h3 Nge5 16. Nd2 Nc6 17. Qb1 Bf6 18. f4 Nd4 19. Ne2 b5 20. axb5 axb5 21. Nxd4 cxd4 22. Qc2 e5 23. Ra1 b4 24. Nf3 Nc5 25. f5 g6 26. g4 gxf5 27. gxf5 Kh8 28. Kh1 Rg8 29. Rg1 Bc6 30. Bc1 Rg3 31. Bh6 Rbg8 32. Kh2 Qe7 33. Bh1 Rxg1 34. Rxg1 Rxg1 35. Kxg1 Qa7 36. Kh2 Qa3 37. Qg2 Qxb3 38. Bg5 Bg7 39. Be7 f6 40. Ng5 Be8 41. Ne6 Nxe6 42. fxe6 Qxd3 43. Bxd6 b3 44. e7 Qc2 0-1


[Site "https://www.chess.com"]

[Event "Titled Tuesday Blitz April 4 Late 2023"]
[White "Bellahcene, Bilel"]
[Black "Szpar, Milosz"]
[WhiteFideId "696358"]
[BlackFideId "1184989"]
[WhiteElo "2566"]
[BlackElo "2436"]
[Result "0-1"]
[Round "10"]
[TimeControl "180+2"]
[Date "2023.04.04"]
[WhiteClock "0:00:45"]
[BlackClock "0:01:00"]

1. Nh3 Na6 2. g3 d5 3. d4 c5 4. dxc5 Nxc5 5. Bg2 Nf6 6. Nf4 e6 7. c4 g5 8. Nxd5 exd5 9. Bxg5 Be7 10. Nc3 d4 11. Bxf6 Bxf6 12. Nd5 Bg7 13. O-O O-O 14. b4 Ne6 15. Qb3 Bd7 16. Rad1 a5 17. b5 Nc5 18. Qa3 b6 19. Rd2 Re8 20. Rfd1 Ra7 21. Bf3 Bf5 22. Rxd4 Bxd4 23. Rxd4 Rd7 24. Qc1 Ne6 25. Rd1 Ng5 26. Qf4 Nh3+ 0-1


[Site "https://www.chess.com"]

[Event "Titled Tuesday Blitz April 4 Late 2023"]
[White "Romkachess"]
[Black "Kilic, Eray"]
[BlackFideId "44517173"]
[WhiteElo "2486"]
[BlackElo "2328"]
[Result "0-1"]
[Round "10"]
[TimeControl "180+2"]
[Date "2023.04.04"]
[WhiteClock "0:00:16"]
[BlackClock "0:01:18"]

1. e4 e5 2. d4 exd4 3. Qxd4 Nc6 4. Qe3 Nf6 5. Nc3 Bb4 6. Bd2 O-O 7. O-O-O Re8 8. Qg3 Nxe4 9. Nxe4 Rxe4 10. c3 Bd6 11. f4 Ra4 12. Kb1 Qf6 13. Nh3 b6 14. Bd3 Ba6 15. Bc2 Ra5 16. Ng5 h6 17. h4 hxg5 18. hxg5 Qe6 19. b3 Ne7 20. Qh4 Kf8 21. Qh8+ Ng8 22. Bh7 f5 23. gxf6 gxf6 24. Bxg8 Bd3+ 25. Ka1 Qf5 26. Rde1 Rxa2+ 27. Kxa2 Qa5+ 28. Kb2 Qa3# 0-1


[Site "https://www.chess.com"]

[Event "Titled Tuesday Blitz April 4 Late 2023"]
[White "Hansen, Eric"]
[Black "Przybylski, Wojciech"]
[WhiteFideId "2606771"]
[BlackFideId "1117599"]
[WhiteElo "2561"]
[BlackElo "2222"]
[Result "1-0"]
[Round "10"]
[TimeControl "180+2"]
[Date "2023.04.04"]
[WhiteClock "0:00:18"]
[BlackClock "0:00:03"]

1. d4 Nf6 2. c4 e6 3. Nc3 Bb4 4. e3 O-O 5. Ne2 d5 6. a3 Bd6 7. Ng3 c6 8. e4 dxe4 9. Ngxe4 Be7 10. Be2 Nbd7 11. O-O c5 12. Be3 cxd4 13. Qxd4 Nxe4 14. Qxe4 Nf6 15. Qc2 Bd7 16. Rfd1 Qc8 17. b4 b6 18. b5 Qc7 19. a4 Bc5 20. Bxc5 Qxc5 21. a5 e5 22. Qb2 Be6 23. axb6 axb6 24. Na4 Qc7 25. Qb4 Rac8 26. Rac1 Ne4 27. Bf3 Nc5 28. Bc6 Nxa4 29. Qxa4 f5 30. c5 bxc5 31. Rxc5 Qb6 32. Rxe5 Bf7 33. h4 Rcd8 34. Rxd8 Rxd8 35. Rxf5 Be6 36. Re5 Bf7 37. Qf4 h6 38. Re7 Rf8 39. Rxf7 Rxf7 40. Bd5 1-0


[Site "https://www.chess.com"]

[Event "Titled Tuesday Blitz April 4 Late 2023"]
[White "Weetik, Vjacheslav"]
[Black "Rustemov, Alexander"]
[WhiteFideId "4153472"]
[BlackFideId "4119002"]
[WhiteElo "2469"]
[BlackElo "2834"]
[Result "1/2-1/2"]
[Round "10"]
[TimeControl "180+2"]
[Date "2023.04.04"]
[WhiteClock "0:00:03"]
[BlackClock "0:00:13"]

1. d4 d5 2. c4 c6 3. Nf3 Nf6 4. g3 Bf5 5. Nc3 e6 6. Nh4 dxc4 7. Nxf5 exf5 8. e3 Nbd7 9. Bxc4 Nb6 10. Bf1 Be7 11. Bg2 O-O 12. O-O Qd7 13. Qc2 Rad8 14. b3 Nbd5 15. Bd2 Rfe8 16. Rad1 Bd6 17. Nxd5 Nxd5 18. Bh3 g6 19. Rfe1 Qe7 20. Bg2 h5 21. f3 h4 22. e4 Nb4 23. Bxb4 Bxb4 24. Rf1 hxg3 25. hxg3 Qg5 26. Qf2 Ba5 27. f4 Qh5 28. Bf3 Qh3 29. e5 Bb6 30. Rd3 Kg7 31. Rfd1 Rh8 32. Qg2 Qh6 33. Kf1 Rd7 34. d5 cxd5 35. Bxd5 Rhd8 36. Bc4 Rxd3 37. Rxd3 Rxd3 38. Bxd3 Qh5 39. Be2 Qh8 40. Qxb7 Qh3+ 41. Qg2 Qh8 42. Bc4 Qh5 43. Qd5 Qh3+ 44. Ke2 Qh2+ 45. Kd1 Qg1+ 46. Kc2 Qf2+ 47. Kd1 Qg1+ 48. Kc2 Qf2+ 49. Kd1 Qg1+ 1/2-1/2


[Site "https://www.chess.com"]

[Event "Titled Tuesday Blitz April 4 Late 2023"]
[White "Sieciechowicz, Marcin"]
[Black "Urazayev, Arystanbek"]
[WhiteFideId "1130170"]
[BlackFideId "13709810"]
[WhiteElo "2302"]
[BlackElo "2449"]
[Result "0-1"]
[Round "10"]
[TimeControl "180+2"]
[Date "2023.04.04"]
[WhiteClock "0:00:27"]
[BlackClock "0:02:37"]

1. d4 Nf6 2. c4 g6 3. Nc3 Bg7 4. e4 d6 5. f3 O-O 6. Be3 c5 7. Nge2 Nc6 8. d5 Ne5 9. Ng3 e6 10. Be2 exd5 11. cxd5 b5 12. Bxb5 Rb8 13. O-O a6 14. Be2 Rxb2 15. Qc1 Rb4 16. a3 Rb3 17. Qc2 Rxc3 18. Qxc3 Nxd5 19. Qc1 Nxe3 20. Qxe3 Ng4 21. Qd2 Bd4+ 22. Kh1 Nxh2 23. Qh6 Nxf1 24. Rxf1 Bg7 25. Qh2 Qa5 26. f4 Qxa3 27. f5 Be5 28. Bf3 Qd3 29. Rg1 Qe3 30. Qh3 Qg5 31. Ne2 gxf5 32. exf5 Bxf5 33. g4 Bg6 0-1


[Site "https://www.chess.com"]

[Event "Titled Tuesday Blitz April 4 Late 2023"]
[White "cryptoguru02"]
[Black "Baskakov, Egor"]
[BlackFideId "24197866"]
[WhiteElo "2618"]
[BlackElo "2212"]
[Result "1-0"]
[Round "10"]
[TimeControl "180+2"]
[Date "2023.04.04"]
[WhiteClock "0:00:31"]
[BlackClock "0:00:31"]

1. d4 Nf6 2. c4 e6 3. Nc3 d5 4. Nf3 Ne4 5. Nxe4 dxe4 6. Ng1 c5 7. dxc5 Qf6 8. e3 Bxc5 9. a3 O-O 10. Ne2 Rd8 11. Qc2 Qg6 12. b4 Be7 13. Bb2 e5 14. Bxe5 Nc6 15. Bc3 Bg4 16. Nf4 Qh6 17. Nd5 Bf8 18. Qxe4 Bh5 19. Qc2 Ne7 20. Nf4 Bg4 21. Bd3 Ng6 22. Nxg6 hxg6 23. Be5 Rac8 24. O-O Qh5 25. Bg3 Be6 26. Rac1 a5 27. c5 axb4 28. axb4 b6 29. Ba6 Ra8 30. Bb7 Ra2 31. Qc3 bxc5 32. bxc5 Qf5 33. c6 Ra3 34. Qc2 Qxc2 35. Rxc2 Bc8 36. c7 Re8 37. Bc6 Re6 38. Bf3 Rea6 39. Rb2 Ra1 40. Rb8 Rxf1+ 41. Kxf1 Ra1+ 42. Ke2 Ba6+ 43. Kd2 Ra2+ 44. Kc3 Ra3+ 45. Kb2 Rd3 46. c8=Q Bxc8 47. Rxc8 1-0


[Site "https://www.chess.com"]

[Event "Titled Tuesday Blitz April 4 Late 2023"]
[White "TimGrutter03"]
[Black "Timofeev, Artyom"]
[BlackFideId "4140419"]
[WhiteElo "2594"]
[BlackElo "2586"]
[Result "0-1"]
[Round "10"]
[TimeControl "180+2"]
[Date "2023.04.04"]
[WhiteClock "0:00:01"]
[BlackClock "0:00:16"]

1. e4 d6 2. d4 Nf6 3. Nc3 g6 4. Bg5 h6 5. Bh4 c6 6. f4 Qa5 7. Qd2 b5 8. e5 b4 9. exf6 bxc3 10. bxc3 Be6 11. fxe7 Bxe7 12. Bxe7 Kxe7 13. Bd3 Kf8 14. Ne2 Kg7 15. O-O f5 16. Rfe1 Nd7 17. Nc1 Rhe8 18. Nb3 Qc7 19. Re2 Bf7 20. Rae1 Rxe2 21. Rxe2 Nb6 22. g3 a5 23. Qe1 Kf8 24. g4 Nd5 25. gxf5 Nxf4 26. Re3 g5 27. f6 Qd7 28. Be2 Qf5 29. Bf3 Qxf6 30. Bxc6 Rc8 31. Nxa5 Qf5 32. c4 Rc7 33. c5 dxc5 34. d5 Nxd5 35. Bxd5 Qxd5 36. Nb3 c4 37. Nd2 Qd4 38. Nf3 Qg4+ 39. Kf2 Bd5 40. Ne5 Qf4+ 41. Kg1 Kg7 0-1


[Site "https://www.chess.com"]

[Event "Titled Tuesday Blitz April 4 Late 2023"]
[White "Goltsev, Dmitry"]
[Black "Fiorito, Francisco"]
[WhiteFideId "24176710"]
[BlackFideId "180165"]
[WhiteElo "2336"]
[BlackElo "2341"]
[Result "1-0"]
[Round "10"]
[TimeControl "180+2"]
[Date "2023.04.04"]
[WhiteClock "0:00:12"]
[BlackClock "0:00:02"]

1. e4 c5 2. Nf3 Nc6 3. d4 cxd4 4. Nxd4 g6 5. Nc3 Bg7 6. Be3 Nf6 7. Be2 O-O 8. O-O d6 9. f4 Bd7 10. Bf3 Rc8 11. Qe2 Nxe4 12. Bxe4 Nxd4 13. Qf2 Nc6 14. Rad1 Qa5 15. Rd5 Qc7 16. Nb5 Qb8 17. Nxa7 Nxa7 18. Bxa7 Qc7 19. Bd4 Bc6 20. Bxg7 Kxg7 21. Rd4 Bxe4 22. Rxe4 Qxc2 23. Qd4+ Kg8 24. Rxe7 Rce8 25. Rxb7 Qc6 26. Rb6 Qa8 27. Rxd6 Re2 28. Qd5 Qa7+ 29. Qd4 Qa8 30. Qd5 Qa7+ 31. Kh1 Rxb2 32. Ra1 Qf2 33. h3 Qxf4 34. a4 Rfb8 35. Rd8+ Rxd8 36. Qxd8+ Kg7 37. Qd5 Rf2 38. Qd3 Qf6 39. Rd1 Rf5 40. Qe4 Rf1+ 41. Rxf1 Qxf1+ 42. Kh2 Qa1 43. Kg3 h5 44. Qc4 Qe5+ 45. Kf3 Qf5+ 46. Ke3 Qg5+ 47. Kf3 Qf5+ 48. Ke2 Qg5 49. Qe4 h4 50. Kd3 Qd8+ 51. Qd4+ Qxd4+ 52. Kxd4 f5 53. Ke5 Kf7 54. a5 Ke7 55. a6 Kd7 56. a7 1-0


[Site "https://www.chess.com"]

[Event "Titled Tuesday Blitz April 4 Late 2023"]
[White "Leitao, Rafael"]
[Black "Han, Yichen"]
[WhiteFideId "2101246"]
[BlackFideId "1054430"]
[WhiteElo "2609"]
[BlackElo "2342"]
[Result "1-0"]
[Round "10"]
[TimeControl "180+2"]
[Date "2023.04.04"]
[WhiteClock "0:00:35"]
[BlackClock "0:00:04"]

1. c4 e5 2. Nc3 Nc6 3. Nf3 Nf6 4. e4 Bb4 5. d3 d6 6. a3 Bxc3+ 7. bxc3 O-O 8. g3 Ne7 9. Bg2 c6 10. O-O Ng6 11. Rb1 b6 12. Re1 Bb7 13. a4 Qc7 14. Qb3 Rab8 15. Ba3 Rfd8 16. Nd2 Bc8 17. Nf1 Be6 18. Ne3 b5 19. Qc2 bxc4 20. dxc4 c5 21. Nd5 Bxd5 22. cxd5 Nd7 23. Bf1 Rb6 24. Rb5 Rdb8 25. Reb1 h6 26. h4 Ne7 27. Bh3 Rxb5 28. axb5 Nb6 29. c4 g6 30. Bb2 Ra8 31. f4 f6 32. Be6+ Kg7 33. Rf1 Rf8 34. g4 Qd8 35. g5 hxg5 36. hxg5 Nec8 37. Qg2 Nxc4 38. Bc1 fxg5 39. f5 Qe8 40. Bxg5 Rh8 41. fxg6 Rh5 42. Bf6+ Kh6 43. g7 Ne3 44. g8=Q 1-0


[Site "https://www.chess.com"]

[Event "Titled Tuesday Blitz April 4 Late 2023"]
[White "Korkmaz, Necmettin"]
[Black "Papasimakopoulos, Alexandros"]
[WhiteFideId "6303285"]
[BlackFideId "4244125"]
[WhiteElo "2097"]
[BlackElo "2359"]
[Result "0-1"]
[Round "10"]
[TimeControl "180+2"]
[Date "2023.04.04"]
[WhiteClock "0:00:07"]
[BlackClock "0:00:08"]

1. e4 d6 2. d4 g6 3. Nc3 Bg7 4. Nf3 Nf6 5. Be2 O-O 6. O-O c6 7. a4 a5 8. h3 Na6 9. Bg5 h6 10. Be3 Nb4 11. Qd2 Kh7 12. Rad1 d5 13. e5 Ne4 14. Nxe4 dxe4 15. Nh2 f5 16. exf6 exf6 17. c4 Be6 18. d5 cxd5 19. Bc5 dxc4 20. Bxb4 axb4 21. Qxb4 Qc7 22. Rd6 Rfe8 23. Rfd1 Bf8 24. Ng4 Bxg4 25. hxg4 Bxd6 26. Rxd6 Kg7 27. Rb6 Re7 28. a5 Rc8 29. Qc3 Qe5 30. Qxe5 fxe5 31. Kh2 Rc5 32. a6 bxa6 33. Rxa6 Rb7 34. Ra4 Rxb2 35. Bxc4 Rxf2 36. Ra7+ Kf8 37. Kg3 Rf6 38. Ra4 e3 39. g5 hxg5 40. Kg4 Rf4+ 41. Kxg5 Rfxc4 42. Ra7 e2 43. Kf6 Rc6+ 0-1


[Site "https://www.chess.com"]

[Event "Titled Tuesday Blitz April 4 Late 2023"]
[White "Hansen, Sune Berg"]
[Black "marik_spb"]
[WhiteFideId "1400266"]
[WhiteElo "2710"]
[BlackElo "2444"]
[Result "1-0"]
[Round "10"]
[TimeControl "180+2"]
[Date "2023.04.04"]
[WhiteClock "0:01:29"]
[BlackClock "0:00:14"]

1. Nf3 Nf6 2. g3 e6 3. Bg2 d5 4. O-O Be7 5. d3 O-O 6. Bf4 c5 7. e4 dxe4 8. dxe4 Nxe4 9. Qe2 Nf6 10. Rd1 Qb6 11. Na3 Nc6 12. c3 a6 13. Nc4 Qa7 14. a4 Bd7 15. a5 Rad8 16. Bc7 Rc8 17. Bd6 Bxd6 18. Rxd6 Rcd8 19. Rad1 Bc8 20. Rxd8 Rxd8 21. Rxd8+ Nxd8 22. Nfe5 Qb8 23. Qd3 Qc7 24. Qd6 Ne8 25. Qxc7 Nxc7 26. Nd6 f6 27. Nd3 Bd7 28. Nxc5 Bc6 29. Ndxb7 Bxg2 30. Kxg2 Nxb7 31. Nxb7 Kf7 32. c4 Ke7 33. Kf3 Kd7 34. b4 e5 35. Ke4 g6 36. g4 Kc6 37. Nc5 Kd6 38. h4 Kc6 39. Nxa6 Nxa6 40. b5+ Kb7 41. bxa6+ Kxa6 42. g5 fxg5 43. hxg5 Kxa5 44. Kxe5 Kb4 45. Kf6 Kxc4 46. Kg7 Kd3 47. Kxh7 Ke2 48. Kxg6 1-0


[Site "https://www.chess.com"]

[Event "Titled Tuesday Blitz April 4 Late 2023"]
[White "reevecanada"]
[Black "Adewumi, Tanitoluwa"]
[BlackFideId "30966396"]
[WhiteElo "2466"]
[BlackElo "2701"]
[Result "0-1"]
[Round "10"]
[TimeControl "180+2"]
[Date "2023.04.04"]
[WhiteClock "0:00:43"]
[BlackClock "0:01:01"]

1. e4 c5 2. Nf3 e6 3. b3 Nf6 4. Nc3 d5 5. exd5 exd5 6. d4 cxd4 7. Nxd4 Bb4 8. Bb2 O-O 9. Bd3 Qc7 10. Qd2 Re8+ 11. Kd1 Nc6 12. a3 Bg4+ 13. f3 Nxd4 14. axb4 Nxf3 15. gxf3 Bxf3+ 16. Kc1 Bxh1 17. Qd1 Qxh2 18. Kb1 a6 19. Ka2 d4 20. Ne2 Bf3 21. Qd2 Bxe2 22. Re1 Ne4 23. Rxe2 Qxe2 24. Qf4 Nc3+ 25. Bxc3 Qe5 26. Qh4 dxc3 27. Qxh7+ Kf8 28. Qh8+ Ke7 29. Qh4+ g5 30. Qf2 a5 31. b5 a4 32. b4 Red8 33. Bc4 f6 34. Qb6 Rac8 35. Bf1 Qe6+ 0-1


[Site "https://www.chess.com"]

[Event "Titled Tuesday Blitz April 4 Late 2023"]
[White "Escanor89"]
[Black "Manzone, Alessandro"]
[BlackFideId "112488"]
[WhiteElo "2534"]
[BlackElo "2255"]
[Result "0-1"]
[Round "10"]
[TimeControl "180+2"]
[Date "2023.04.04"]
[WhiteClock "0:00:01"]
[BlackClock "0:00:26"]

1. c4 Nf6 2. Nc3 c5 3. Nf3 e6 4. d4 cxd4 5. Nxd4 Nc6 6. g3 Qb6 7. Nb3 Ng4 8. e3 Nce5 9. Bg2 Nf6 10. Nd2 Nd3+ 11. Ke2 Nxc1+ 12. Qxc1 Bb4 13. a3 Bxc3 14. Qxc3 d5 15. b4 O-O 16. Rhd1 Bd7 17. Ke1 Ba4 18. Rdc1 dxc4 19. Nxc4 Qa6 20. Ne5 Nd5 21. Bxd5 exd5 22. Qd4 Rad8 23. h4 Bb5 24. Rc3 Qe6 25. a4 Be8 26. Kf1 f6 27. Nd3 Qf5 28. Nf4 g5 29. Ne2 Bh5 30. Ng1 Rfe8 31. Kg2 Re4 32. Qxa7 gxh4 33. Qb6 Rde8 34. Qb5 hxg3 35. Ra2 gxf2 36. Rxf2 Rg4+ 37. Kf1 Qb1+ 0-1


[Site "https://www.chess.com"]

[Event "Titled Tuesday Blitz April 4 Late 2023"]
[White "Cuenca Jimenez, Jose Fernando"]
[Black "Becerra, Juan David"]
[WhiteFideId "2255570"]
[BlackFideId "4404998"]
[WhiteElo "2429"]
[BlackElo "2276"]
[Result "1-0"]
[Round "10"]
[TimeControl "180+2"]
[Date "2023.04.04"]
[WhiteClock "0:00:02"]
[BlackClock "0:00:04"]

1. c4 e5 2. Nc3 Nf6 3. Nf3 e4 4. Ng5 c6 5. Ngxe4 Nxe4 6. Nxe4 d5 7. cxd5 cxd5 8. Ng3 h5 9. e3 h4 10. Ne2 Nc6 11. d4 Bf5 12. a3 Bd6 13. Nc3 h3 14. g3 O-O 15. Bd3 Qd7 16. O-O Ne7 17. Qe2 a6 18. Bd2 Rfe8 19. Rad1 Rad8 20. Bc1 Bb8 21. Qh5 g6 22. Bxf5 Qxf5 23. Qxf5 Nxf5 24. Bd2 g5 25. Rc1 g4 26. Rc2 Re6 27. Rfc1 Kh7 28. Kf1 Kg6 29. Na4 Nd6 30. Nc5 Rf6 31. Ke2 Ba7 32. Nd3 Ne4 33. Ne5+ Kg7 34. Be1 Bb6 35. Rc8 Rxc8 36. Rxc8 Re6 37. Kd3 f5 38. Rb8 Re7 39. Rc8 Bc7 40. Ke2 Bxe5 41. dxe5 Kf7 42. Bc3 Ke6 43. Bd4 Kd7 44. Rc1 Re6 45. f3 Ng5 46. fxg4 fxg4 47. Kd3 Nf3 48. Rh1 Rc6 49. e4 1-0


[Site "https://www.chess.com"]

[Event "Titled Tuesday Blitz April 4 Late 2023"]
[White "Fonseca Manrique, Enrique"]
[Black "Poliakova, Varvara"]
[WhiteFideId "5114330"]
[BlackFideId "13518313"]
[WhiteElo "2523"]
[BlackElo "2075"]
[Result "0-1"]
[Round "10"]
[TimeControl "180+2"]
[Date "2023.04.04"]
[WhiteClock "0:01:54"]
[BlackClock "0:02:26"]

1. e4 c5 2. Nc3 e6 3. f4 Ne7 4. Nf3 d5 5. Bb5+ Nbc6 6. exd5 exd5 7. Ne5 a6 8. Bxc6+ Nxc6 9. Nxc6 bxc6 10. Qe2+ Be7 11. O-O O-O 12. d3 Bf6 13. Na4 Re8 14. Qf3 Bd4+ 15. Kh1 c4 16. c3 Bf6 17. f5 Qa5 18. b4 Qxa4 0-1


[Site "https://www.chess.com"]

[Event "Titled Tuesday Blitz April 4 Late 2023"]
[White "Aggelis, Nikolaos"]
[Black "Goroshkov, Maksym"]
[WhiteFideId "4213220"]
[BlackFideId "14142716"]
[WhiteElo "2189"]
[BlackElo "2322"]
[Result "1-0"]
[Round "10"]
[TimeControl "180+2"]
[Date "2023.04.04"]
[WhiteClock "0:01:13"]
[BlackClock "0:01:48"]

1. e4 e5 2. Nf3 d6 3. d4 Bg4 4. dxe5 Nd7 5. h3 Bh5 6. g4 Bg6 7. Bf4 dxe5 8. Nxe5 Nxe5 9. Qxd8+ Rxd8 10. Bxe5 Bxe4 11. Rg1 Bxc2 12. Nc3 c6 13. Rg3 f6 14. Bc7 Rd7 15. Re3+ Re7 16. Kd2 Rxe3 17. Kxe3 Bg6 18. Rd1 Bc5+ 19. Kf3 h5 20. Rd8+ Ke7 21. Bc4 hxg4+ 22. hxg4 Bf7 23. Bxf7 Kxf7 24. Rb8 Rh2 25. Ne4 Bd4 26. Bxh2 Ke6 27. Rxg8 1-0


[Site "https://www.chess.com"]

[Event "Titled Tuesday Blitz April 4 Late 2023"]
[White "Kavutskiy, Konstantin"]
[Black "Makaraci, Tunahan"]
[WhiteFideId "2026384"]
[BlackFideId "6356559"]
[WhiteElo "2323"]
[BlackElo "2160"]
[Result "0-1"]
[Round "10"]
[TimeControl "180+2"]
[Date "2023.04.04"]
[WhiteClock "0:00:12"]
[BlackClock "0:00:50"]

1. d4 d5 2. c4 e6 3. Nf3 c5 4. cxd5 exd5 5. g3 Nf6 6. Bg2 Nc6 7. O-O Be7 8. dxc5 Bxc5 9. a3 Ne4 10. Nfd2 f5 11. Nc3 Be6 12. Nb3 Bb6 13. Na4 O-O 14. Nxb6 Qxb6 15. Be3 Qd8 16. Nc5 Qe7 17. Nxe6 Qxe6 18. Qb3 b6 19. Rfd1 Rfd8 20. Rac1 Rac8 21. h4 Kf7 22. Bg5 Rd7 23. Bf4 h6 24. Bf3 g5 25. hxg5 hxg5 26. Bxe4 fxe4 27. Bxg5 Rh8 28. Qe3 Kg6 29. Bh4 Rh5 30. Kg2 Rf7 31. Rxc6 Qxc6 32. Rc1 Qe6 33. b4 Rhf5 34. f4 exf3+ 35. Kf2 fxe2+ 36. Kxe2 Re5 0-1


[Site "https://www.chess.com"]